 Dungeon Crawl Stone Soup version 0.23.2 (webtiles) character file.

Game seed: 4526372476571633227

44 Kairos the Charmwright (level 3, 0/29 HPs)
             Began as a Demigod Skald on Apr 11, 2019.
             Slain by a hobgoblin
             ... wielding a cursed +0 club
              (5 damage)
             ... on level 2 of the Dungeon.
             The game lasted 00:01:33 (662 turns).

Kairos the Charmwright (Demigod Skald)               Turns: 662, Time: 00:01:33

Health: 0/29       AC:  4    Str: 14    XL:     3   Next: 23%
Magic:  1/8        EV: 12    Int: 19    God:
Gold:   35         SH:  0    Dex: 15    Spells: 2/5 levels left

rFire    . . .     SeeInvis .   a - +0 spear
rCold    . . .     Gourm    .   (no shield)
rNeg     . . .     Faith    .   j - +1 robe {Archmagi}
rPois    .         Spirit   .   (no helmet)
rElec    .         Reflect  .   (no cloak)
rCorr    .         Harm     .   g - +0 pair of gloves
MR       .....                  (no boots)
Stlth    ++........             (no amulet)
HPRegen  0.09/turn              (no ring)
MPRegen  0.11/turn              (no ring)

@: infused, lightly drained
A: high mp 1
a: no special abilities


You were on level 2 of the Dungeon.
You were not hungry.

You visited 1 branch of the dungeon, and saw 2 of its levels.

You collected 35 gold pieces.

Inventory:

Hand Weapons
 a - a +0 spear (weapon)
Armour
 b - a +0 leather armour
 g - a +0 pair of gloves (worn)
 j - a +1 robe of the Archmagi (worn)
Wands
 k - a wand of flame (12)
Scrolls
 c - 2 scrolls of teleportation {unknown}
 f - 2 scrolls of fog {unknown}
 i - 2 scrolls of remove curse {unknown}
 l - a scroll of identify {unknown}
Potions
 e - a potion of resistance {unknown}
 h - a potion of curing {unknown}
Comestibles
 d - 2 rations
 m - 4 chunks of flesh


   Skills:
 + Level 2.1(2.0) Fighting
 + Level 2.2 Polearms
 + Level 1.0(0.9) Armour
 + Level 2.0(1.9) Dodging
 + Level 0.6(0.5) Stealth
 + Level 1.9(1.8) Spellcasting
 + Level 3.2 Charms


You had 2 spell levels left.
You knew the following spells:

 Your Spells              Type           Power        Failure   Level  Hunger
a - Infusion              Chrm           ###.         4%          1    #......
b - Shroud of Golubria    Chrm/Tloc      ##........   14%         2    ###....

Your spell library contained the following spells:

 Spells                   Type           Power        Failure   Level  Hunger
 Song of Slaying          Chrm           ###.....     7%          2    ###....
 Regeneration             Chrm/Necr      ##........   26%         3    ###....
 Spectral Weapon          Hex/Chrm       ##......     26%         3    ###....


Dungeon Overview and Level Annotations

Branches:
Dungeon (2/15)

Annotations:
D:2 Sigmund


Innate Abilities, Weirdness & Mutations

You have an increased reservoir of magic. (+10% MP)


Message History

You see here a hobgoblin corpse.
You hit the worm.
The worm is moderately wounded.
The worm barely misses you.
You hit the worm!
The worm is severely wounded.
The worm bites you!
* * * LOW HITPOINT WARNING * * *
You hit the worm.
The worm is almost dead.
You are too injured to fight recklessly!
You are too injured to fight recklessly!
You are too injured to fight recklessly!
You hit the worm.
You kill the worm!
You barely miss the hobgoblin. The hobgoblin closely misses you.
You hit the hobgoblin.
The hobgoblin is heavily wounded.
The hobgoblin hits you with a cursed +0 club.
You die...

...# ##.#.## #.#####
##<# ##.#.## ## ###
##.###.#.## ##.##
...##.#.## ##.#.##
####.#.## ##.#)#.##
###.#)## #g#.w.#.##
##.#)## #[[((##$#.#
.##.#.##
...#.##g#.##
.###.#.##
#.#.##@#.##
...##.#.##.#.##.#.##
....##.#.##.##.#.##
..#####.#.###.#.##
### ##.#.#.#.##
#########.#.#.##
......# ##.#.##
......# ##.##
.##...# ###


You could see a hobgoblin.

Vanquished Creatures
  A gnoll (D:2)
  A worm (D:2)
  A dart slug (D:1)
  4 bats
  A giant cockroach (D:1)
  4 goblins (D:1)
  5 hobgoblins
  5 kobolds
  A quokka (D:2)
  4 rats
27 creatures vanquished.

Notes
Turn   | Place    | Note
-------+----------+-------------------------------------------
     0 | D:1      | Kairos the Demigod Skald began the quest for the Orb.
     0 | D:1      | Reached XP level 1. HP: 17/17 MP: 5/5
    35 | D:1      | Reached skill level 3 in Charms
   186 | D:1      | Reached XP level 2. HP: 21/24 MP: 7/7
   402 | D:1      | Learned a level 2 spell: Shroud of Golubria
   419 | D:2      | Noticed Sigmund
   617 | D:2      | Reached skill level 1 in Armour
   617 | D:2      | Reached XP level 3. HP: 29/29 MP: 8/8
   662 | D:2      | Slain by a hobgoblin

Skill      XL: |  1  2  3 |
---------------+----------+-----
Charms         | 3 |  3.2
Polearms       | 2 |  2.2
Fighting       | 2 |  2.1
Armour         | 1 |  1.0
Dodging        | 2 |  2.0
Stealth        | |  0.6
Spellcasting   | |  1.9

Action                   || total
-------------------------++-------
Melee: Spear             ||   101
 Cast: Infusion          ||     1
 Stab: Sleeping          ||     3
Armor: Leather armour    ||     9
       Robe              ||     6
Dodge: Dodged            ||    46
